 Dungeon Crawl Stone Soup version 0.31-a0-1469-gd420192 (webtiles) character file.

Game seed: 631090423461047350

2498545 Wizard1ke the Swamp Dragon (level 27, 246/246 HPs)
             Began as a Green Draconian Alchemist on Dec 28, 2023.
             Was the Champion of Vehumet.
             Escaped with the Orb
             ... and 5 runes!
             The game lasted 04:21:14 (100846 turns).

Wizard1ke the Swamp Dragon (DrAl)                 Turns: 100846, Time: 04:21:14

Health: 246/246    AC: 22    Str: 13    XL:     27
Magic:  43/43      EV: 11    Int: 45    God:    Vehumet [******]
Gold:   6703       SH: 19    Dex: 16    Spells: 5/58 levels left

rFire   + + .        p - +8 war axe "Yveqih" {venom, rF+ Will+ Int+2}
rCold   + + .        C - +4 kite shield {rC+}
rNeg    + + .        (body armour unavailable)
rPois   +            d - -2 hat of the Alchemist {rElec rPois rF+ rC+ rN+ Will+ rMut rCorr}
rElec   +            P - +2 cloak
rCorr   +            G - +2 pair of gloves
SInv    +            k - +0 pair of boots of Elon {Regen+ Int+3}
Will    ++++.        M - amulet "Qoqet" {RegenMP Int+4}
Stlth   +            Z - ring "Ruot" {AC+4 Int+5}
HPRegen 1.41/turn    V - ring "Gicovats" {^Drain rN+ Int+5 Dex+3 SInv Stlth+}
MPRegen 0.68/turn

%: resist mutation
@: studying 3 skills
A: breathe noxious fumes, AC +13, unfitting armour, stinger 1, poison
resistance, cold-blooded, subdued magic 1
0: Orb of Zot
}: 5/15 runes: serpentine, barnacled, slimy, silver, golden
a: Breathe Noxious Fumes, Renounce Religion


You escaped.
You worshipped Vehumet.
Vehumet was exalted by your worship.
You visited 13 branches of the dungeon, and saw 59 of its levels.
You also visited: Trove, Ossuary, Bailey, Ice Cave and Desolation.

You collected 10764 gold pieces.
You spent 4061 gold pieces at shops.

Inventory:

Hand Weapons
 p - the +8 war axe "Yveqih" (weapon) {venom, rF+ Will+ Int+2}
   (You found it on level 13 of the Dungeon)

   Int+2:     It affects your intelligence (+2).
   rF+:       It protects you from fire.
   Will+:     It increases your willpower.
Missiles
 i - 13 javelins
 A - 4 throwing nets
Armour
 d - the -2 hat of the Alchemist (worn) {rElec rPois rF+ rC+ rN+ Will+ rMut rCorr}
   (You found it on level 13 of the Dungeon)

   rF+:       It protects you from fire.
   rC+:       It protects you from cold.
   rElec:     It insulates you from electricity.
   rPois:     It protects you from poison rN+: It protects you from negative
   energy.
   Will+:     It increases your willpower.
   rCorr:     It protects you from acid and corrosion.
   rMut:      It protects you from mutation.
 k - the +0 pair of boots of Elon (worn) {Regen+ Int+3}
   (You found it on level 5 of the Vaults)

   Int+3:     It affects your intelligence (+3).
   Regen+:    It increases your rate of health regeneration.
 C - a +4 kite shield of cold resistance (worn)
 G - a +2 pair of gloves (worn)
 P - a +2 cloak (worn)
 T - a +2 pair of boots of flying
Magical Staves
 Y - a staff of air
Jewellery
 e - the ring of Nanyenyo {rElec rF+ Dex+6}
   (You found it on level 3 of the Tomb of the Ancients)

   [ring of dexterity]

   Dex+6:     It affects your dexterity (+6).
   rF+:       It protects you from fire.
   rElec:     It insulates you from electricity.
 h - the ring "Tahogah" {rPois EV+5 Str+3}
   (You found it in a treasure trove)

   [ring of evasion]

   EV+5:      It affects your evasion (+5).
   Str+3:     It affects your strength (+3).
   rPois:     It protects you from poison
 u - a ring of willpower
 M - the amulet "Qoqet" (around neck) {RegenMP Int+4}
   (You found it on level 3 of the Crypt)

   [amulet of magic regeneration]

   RegenMP:   It increases your rate of magic regeneration.
   Int+4:     It affects your intelligence (+4).
 V - the ring "Gicovats" (right hand) {^Drain rN+ Int+5 Dex+3 SInv Stlth+}
   (You found it on level 5 of the Pits of Slime)

   [ring of positive energy]

   Int+5:     It affects your intelligence (+5).
   Dex+3:     It affects your dexterity (+3).
   rN+:       It protects you from negative energy.
   SInv:      It lets you see invisible.
   ^Drain:    It drains your maximum health when unequipped.
   Stlth+:    It makes you more stealthy.
 W - the ring "Bolej" {rF+ Dex+6 Slay+2}
   (You found it on level 11 of the Dungeon)

   [ring of dexterity]

   Dex+6:     It affects your dexterity (+6).
   Slay+2:    It affects your accuracy & damage with ranged weapons and melee
   (+2).
   rF+:       It protects you from fire.
 Z - the ring "Ruot" (left hand) {AC+4 Int+5}
   (You took it off a deep elf demonologist on level 3 of the Elven Halls)

   [ring of protection]

   AC+4:      It affects your AC (+4).
   Int+5:     It affects your intelligence (+5).
Wands
 x - a wand of digging (23)
 F - a wand of light (20)
 H - a wand of roots (52)
 K - a wand of mindburst (32)
 N - a wand of paralysis (54)
Scrolls
 a - 5 scrolls of summoning
 b - 11 scrolls of teleportation
 f - 7 scrolls of enchant weapon
 g - 5 scrolls of revelation
 j - 11 scrolls of amnesia
 l - 3 scrolls of blinking
 o - 4 scrolls of fog
 r - 2 scrolls of silence {!r}
 t - 5 scrolls of immolation
 v - 11 scrolls of poison
 y - 18 scrolls of fear
 O - 10 scrolls of vulnerability
Potions
 m - 5 potions of resistance
 n - 7 potions of haste
 s - a potion of magic
 w - 4 potions of ambrosia
 z - 11 potions of curing
 B - 15 potions of enlightenment
 D - a potion of heal wounds
 E - a potion of lignification
 I - 6 potions of attraction
 J - 2 potions of cancellation
 R - 2 potions of invisibility
 U - 5 potions of might
 X - 11 potions of mutation
Miscellaneous
 c - a condenser vane
 q - a lightning rod (4/4)
 L - a figurine of a ziggurat
 Q - a phial of floods
 S - a phantom mirror


   Skills:
 - Level 20.0 Fighting
 - Level 1.7 Dodging
 - Level 1.7 Stealth
 + Level 19.6 Shields
 - Level 16.0 Spellcasting
 O Level 27 Conjurations
 - Level 5.0 Translocations
 - Level 4.0 Fire Magic
 - Level 20.0 Air Magic
 - Level 10.0 Earth Magic
 O Level 27 Alchemy
 - Level 10.0 Evocations


You had 5 spell levels left.
You knew the following spells:

 Your Spells              Type           Power      Damage    Failure   Level
a - Eringya's Noxious Bo  Alch           60%        4d6       0%          6
b - Orb of Destruction    Conj           60%        9d15      0%          7
c - Passwall              Erth           77%        N/A       1%          3
d - Bombard               Conj/Erth      51%        9d9       1%          6
e - Olgreb's Toxic Radia  Alch           100%       N/A       0%          4
f - Irradiate             Conj/Alch      60%        3d31      0%          5
g - Ignite Poison         Fire/Alch      94%        N/A       0%          4
h - Blink                 Tloc           100%       N/A       1%          2
i - Spellforged Servitor  Conj/Summ      44%        N/A       1%          7
j - Chain Lightning       Conj/Air       56%        3d75      1%          9

Your spell library contained the following spells:

 Spells                   Type           Power      Damage    Failure   Level
 Shatter                  Erth           38%        3d30*     97%         9
 Foxfire                  Conj/Fire      100%       2x1d9     0%          1
 Kiss of Death            Conj/Necr      100%       2d13      0%          1
 Magic Dart               Conj           100%       1d8       0%          1
 Sandblast                Erth           100%       2d20      0%          1
 Shock                    Conj/Air       100%       1d9       0%          1
 Sting                    Conj/Alch      100%       1d9       0%          1
 Cigotuvi's Dreadful Rot  Necr/Alch/Air  100%       N/A       0%          2
 Mercury Vapours          Alch/Air       100%       N/A       0%          2
 Momentum Strike          Conj/Tloc      100%       3d10      0%          2
 Searing Ray              Conj           100%       2d8       0%          2
 Static Discharge         Conj/Air       100%       3-8/arc   0%          2
 Dazzling Flash           Conj/Hex       100%       N/A       0%          3
 Hailstorm                Conj/Ice       88%        3d14      0%          3
 Mephitic Cloud           Conj/Alch/Air  100%       N/A       0%          3
 Stone Arrow              Conj/Erth      100%       3d13      0%          3
 Swiftness                Air            100%       N/A       0%          3
 Airstrike                Air            52%        2d(8-24)  0%          4
 Brom's Barrelling Bould  Conj/Erth      100%       2d11      0%          4
 Flame Wave               Conj/Fire      94%        2d20      0%          4
 Fulminant Prism          Conj/Alch      60%        3d26      0%          4
 Iskenderun's Mystic Bla  Conj/Tloc      95%        2d18      0%          4
 Leda's Liquefaction      Alch/Erth      51%        N/A       0%          4
 Petrify                  Alch/Erth      100%       N/A       0%          4
 Sticky Flame             Fire/Alch      94%        2d14      0%          4
 Alistair's Intoxication  Alch           80%        N/A       0%          5
 Arcjolt                  Conj/Air       56%        1d66      0%          5
 Fireball                 Conj/Fire      47%        3d19      0%          5
 Apportation              Tloc           100%       N/A       1%          1
 Freeze                   Ice            100%       1d10      1%          1
 Necrotise                Necr           100%       1d9       1%          1
 Summon Small Mammal      Summ           100%       N/A       1%          1
 Call Imp                 Summ           54%        N/A       1%          2
 Ensorcelled Hibernation  Hex/Ice        54%        N/A       1%          2
 Jinxbite                 Hex            54%        N/A       1%          2
 Lesser Beckoning         Tloc           100%       N/A       1%          2
 Scorch                   Fire           100%       2d9       1%          2
 Sublimation of Blood     Necr           27%        N/A       1%          2
 Frozen Ramparts          Ice            54%        1d9       1%          3
 Gell's Gravitas          Tloc           58%        N/A       1%          3
 Inner Flame              Hex/Fire       41%        N/A       1%          3
 Teleport Other           Tloc           58%        N/A       1%          3
 Volatile Blastmotes      Fire/Tloc      100%       2d18      1%          3
 Summon Lightning Spire   Summ/Air       77%        N/A       1%          4
 Vhi's Electric Charge    Tloc/Air       100%       N/A       1%          4
 Lee's Rapid Deconstruct  Erth           38%        3d19*     1%          5
 Silence                  Hex/Air        38%        N/A       1%          5
 Call Canine Familiar     Summ           27%        N/A       2%          3
 Confusing Touch          Hex            27%        N/A       2%          3
 Ozocubu's Armour         Ice            27%        N/A       2%          3
 Sigil of Binding         Hex            27%        N/A       2%          3
 Summon Ice Beast         Ice/Summ       27%        N/A       2%          3
 Tukima's Dance           Hex            27%        N/A       2%          3
 Vampiric Draining        Necr           27%        2d7       2%          3
 Dimensional Bullseye     Hex/Tloc       22%        N/A       2%          4
 Borgnjor's Vile Clutch   Necr/Erth      29%        N/A       2%          5
 Summon Blazeheart Golem  Fire/Summ      41%        N/A       3%          4
 Anguish                  Hex/Necr       13%        N/A       8%          4
 Animate Dead             Necr           27%        N/A       8%          4
 Cause Fear               Hex            13%        N/A       8%          4
 Dispel Undead            Necr           27%        3d13      8%          4
 Martyr's Knell           Necr/Summ      27%        N/A       8%          4
 Summon Forest            Summ/Tloc      22%        N/A       8%          5
 Curse of Agony           Necr           27%        N/A       22%         5
 Metabolic Englaciation   Hex/Ice        13%        N/A       22%         5
 Summon Mana Viper        Hex/Summ       27%        N/A       22%         5
 Conjure Ball Lightning   Conj/Air       56%        3x3d20    0%          6
 Plasma Beam              Fire/Air       42%        2x1d56    1%          6
 Sculpt Simulacrum        Ice/Alch       44%        N/A       1%          6
 Starburst                Conj/Fire      47%        6d13      1%          6
 Lehudib's Crystal Spear  Conj/Erth      51%        10d12     1%          8
 Maxwell's Capacitive Co  Air            52%        ∞         1%          8
 Dispersal                Tloc           29%        N/A       16%         6
 Death Channel            Necr           13%        N/A       80%         6
 Summon Cactus Giant      Summ           13%        N/A       80%         6
 Ozocubu's Refrigeration  Ice            13%        4d10      86%         7
 Ignition                 Fire           26%        3d9       94%         8
 Enfeeble                 Hex            13%        N/A       100%        7
 Haunt                    Necr/Summ      13%        N/A       100%        7
 Monstrous Menagerie      Summ           13%        N/A       100%        7
 Discord                  Hex            13%        N/A       100%        8
 Disjunction              Tloc           29%        N/A       100%        8
 Infestation              Necr           13%        N/A       100%        8
 Dragon's Call            Summ           13%        N/A       100%        9
 Polar Vortex             Ice            13%        12d1*     100%        9


Dungeon Overview and Level Annotations

Branches:
Dungeon (15/15)            Temple (1/1) D:6            Lair (5/5) D:8
 Shoals (4/4) Lair:3        Snake (4/4) Lair:3        Slime (5/5) Lair:4
    Orc (2/2) D:11            Elf (3/3) Orc:2        Vaults (5/5) D:13
  Crypt (3/3) Vaults:3       Tomb (3/3) Crypt:3      Depths (4/4) D:15
    Zot (5/5) Depths:4    Ossuary (visited)          Bailey (visited)
  IceCv (visited)         Desolation (visited)

Altars:
Ashenzari
Cheibriados
Dithmenos
Elyvilon
Fedhas
Gozag
Hepliaklqana
Kikubaaqudgha
Makhleb
Nemelex Xobeh
Okawaru
Qazlal
Ru
Sif Muna
Trog
Uskayaw
Vehumet
Wu Jian
Xom
Yredelemnul
Zin
The Shining One

Shops:
D:2 [   Orc:2 [?(   Elf:2 [   Shoals:1 =:   Vaults:1 *   Vaults:3 =
Vaults:5 ([[*!!   Depths:1 *

Portals:
Hell: Depths:1 Depths:2 Depths:3 Depths:4
Abyss: Depths:1 Depths:3
Pandemonium: Depths:1 Depths:2 Depths:3 Depths:4
Ziggurat: Depths:2

Annotations:
D:4 exclusion: upstairs
D:6 1 runed translucent door, exclusion: door, PhillyD's ghost, novice HOHu
D:10 4 transporters
D:15 1 exclusion
Shoals:1 2 transporters, 3 runed translucent doors, exclusions: 3 doors and orange crystal statue, Dabir's ghost, adept DECj
Elf:2 3 runed translucent doors, exclusion: 3 doors, Aizul
Vaults:2 2 transporters, Giudin's ghost, adept GnFi
Vaults:5 !vaults warning


Innate Abilities, Weirdness & Mutations

You can breathe blasts of noxious fumes.
Your lurid green scales are hard. (AC +13)
You cannot fit into any form of body armour.
Your tail ends in a venomous barb.
Your system is resistant to poisons. (rPois)
You are cold-blooded and may be slowed by cold attacks.
Your spells are a little easier to cast, but a little less powerful.


Message History

Lightning arcs from your hands!
The bolt of lightning hits the Brimstone Fiend!!!!
The Brimstone Fiend is severely wounded.
The bolt of lightning hits you. You resist.
Casting: Chain Lightning (mildly dangerous; 1% risk of failure)
Press: ? - help, Q - select action, (/) - cycle Dir - look around, f - activate Lightning arcs from your hands!
The bolt of lightning hits the Brimstone Fiend!!!!
You kill the Brimstone Fiend!
Vehumet accepts your kill.
You feel your power returning. The bolt of lightning hits you! You resist.
(D) Dungeon (T) Temple (L) Lair (A) Shoals (P) Snake Pit (M) Slime Pits (O) Orcish Mines (E) Elven Halls (V) Vaults (C) Crypt (W) Tomb (U) Depths (H) Hell (Z) Zot
Where to? (Tab/Enter - D:1 @ (x,y), ? - help)
There is a stone staircase leading up here.
You climb upwards.
Level annotation: exclusion: upstairs
There is a stone staircase leading down here.
HP restored.
There is an open door here.
You see here a +0 morningstar.
There is an open door here.
You see here a +0 giant spiked club.
There is a stone staircase leading up here.
You climb upwards.
There is a stone staircase leading down here.
There is a stone staircase leading up here.
Magic restored.
You climb upwards.
There is a stone staircase leading down here.
There is a stone staircase leading up here.
You climb upwards.
There is a stone staircase leading down here.
You open the door.
There is an open door here.
There is a staircase leading out of the dungeon here.
You have escaped!

....# ##.#####
#######'## ....# #..#
#........## ...## #.##
#.........# ...# ###.#
#.......... ...# #...#
#........#. ####
#.##########........##
#.#.....##..........#
#.#.....#...........#
#.'..@..'...........#
###.....####........#
#.....# ##########
#######


There were no monsters in sight!

Vanquished Creatures
  the Royal Jelly (Slime:5)
  2 dread liches
  2 orbs of fire (Zot:5)
  Khufu (Tomb:3)
  Mennas (Tomb:2)
  5 ancient liches
  Boris (thrice) (Vaults:1 Depths:3 Vaults:5)
  13 royal mummies
  3 Killer Klowns (Zot:5)
  Saint Roka (Vaults:2)
  Margery (Depths:4)
  2 curse toes (Crypt:3)
  6 caustic shrikes
  Nikola (Elf:2)
  Jory (Depths:3)
  Norris (Vaults:1)
  5 golden dragons
  2 Tzitzimimeh
  5 electric golems
  A Brimstone Fiend (D:5)
  3 hellephants
  15 tentacled monstrosities
  A walking earthen tome (Depths:3)
  A walking crystal tome (Depths:3)
  A Hell Sentinel (Zot:3)
  28 Orb Guardians
  Asterion (Elf:3)
  A deep elf blademaster (Elf:3)
  4 liches
  6 titans
  14 acid blobs
  4 quicksilver dragons
  14 sphinxes
  3 deep elf master archers (Elf:3)
  A kraken (Shoals:1)
  3 death cobs
  Agnes (D:15)
  12 shadow dragons
  11 ancient champions
  15 storm dragons
  Roxanne (Snake:3)
  8 rockslimes
  14 tengu reavers
  4 nagarajas (Snake:4)
  5 revenants
  Ilsuiw (Shoals:3)
  8 azure jellies
  4 draconian monks
  8 deep elf sorcerers
  7 fire giants
  23 vault wardens
  3 draconian knights
  An iron dragon (Depths:4)
  9 frost giants
  A ghost moth (Zot:3)
  5 deep elf elementalists
  2 protean progenitors (Zot:1)
  A draconian shifter (Zot:5)
  Louise (Elf:3)
  A curse skull (Crypt:2)
  6 draconian scorchers
  3 orc warlords
  A juggernaut zombie (Crypt:3)
  4 draconian annihilators
  A reaper (D:5)
  2 ghouls
  26 ironbound preservers
  A spriggan defender (Depths:3)
  A cacodemon (Depths:3)
  A draconian stormcaller (Zot:3)
  21 very ugly things
  2 caustic shrike skeletons
  11 quicksilver oozes
  7 green draconians
  9 ironbound thunderhulks
  5 formless jellyfish
  5 vampire knights
  4 white draconians
  14 stone giants
  7 deep elf demonologists
  A lorocyproca (Depths:3)
  12 purple draconians
  10 deep elf annihilators
  7 deep elf death magi
  4 bennus (Tomb:1)
  4 yellow draconians
  9 dire elephants
  2 black draconians
  4 war gargoyles
  5 eidola
  10 red draconians
  4 ettins
  13 spark wasps
  A crystal guardian (Vaults:2)
  36 mummy priests
  3 jiangshi
  Josephine (Lair:5)
  6 merfolk impalers (Shoals:4)
  The ghost of Heyr the Grappler, a journeyman TrSh of Sif Muna (D:13)
  7 fire dragons
  5 merfolk javelineers (Shoals:4)
  4 deep elf high priests
  3 great orbs of eyes
  4 salamander tyrants
  13 yaktaur captains
  34 vault guards
  Harold (D:9)
  A peacekeeper (Vaults:2)
  3 spriggan air magi
  2 servants of whispers (Desolation)
  11 hydras
  Erolcha (D:9)
  2 hell beasts (Depths:4)
  11 ice dragons
  13 anacondas
  8 centaur warriors
  A spriggan skeleton (Tomb:2)
  A merfolk avatar (Shoals:1)
  2 catoblepae
  7 merfolk aquamancers
  2 alligator snapping turtles
  2 rakshasas
  4 boulder beetles
  12 ironbound frosthearts
  A radroach (shapeshifter) (Vaults:5)
  An anaconda (shapeshifter) (Elf:3)
  2 ogre magi
  12 dancing weapons
  9 deep troll shamans
  68 death scarabs
  11 deep troll earth magi
  A sphinx skeleton (D:15)
  A satyr (Shoals:4)
  5 two-headed ogres
  An Orb Guardian skeleton (Crypt:2)
  3 occultists
  7 hell hogs (Depths:2)
  12 naga warriors
  4 naga sharpshooters
  3 orc high priests
  6 vampire magi
  3 spriggan berserkers
  2 sun demons (Depths:3)
  3 soul eaters
  13 deep elf knights
  7 shock serpents
  A shadow wraith (Crypt:2)
  A sixfirhy (Depths:4)
  2 spriggans (Depths:1)
  34 skeletal warriors
  9 hell knights
  6 salamander mystics
  10 skysharks
  15 sea snakes
  2 anaconda zombies (Tomb:3)
  13 iron trolls
  8 glowing orange brains
  115 deep trolls
  9 deep elf archers
  2 flayed ghosts
  7 naga ritualists
  An orb spider (shapeshifter) (Vaults:1)
  A shadow demon (D:11)
  A swamp dragon (Lair:5)
  22 harpies
  Pikel (D:7)
  A bunyip skeleton (Tomb:1)
  An orange crystal statue (IceCv)
  8 phantasmal warriors
  10 orc knights
  7 necromancers
  20 lindwurms
  3 arcanists
  A shining eye (shapeshifter) (Vaults:5)
  13 ironbound convokers
  A goliath frog zombie (Crypt:3)
  3 mana vipers
  A stone giant zombie (Tomb:3)
  28 deep elf pyromancers
  5 shining eyes
  26 deep elf zephyrmancers
  7 orc sorcerers
  24 ugly things
  14 manticores
  26 moths of wrath
  12 merfolk sirens
  11 fauns
  13 salamanders
  7 cyclopes
  A centaur zombie (Crypt:1)
  A manticore (shapeshifter) (Vaults:1)
  An iron dragon skeleton (Crypt:1)
  8 kobold blastminers
  6 meliai (D:14)
  A black mamba (shapeshifter) (Depths:2)
  15 elephants
  39 black mambas
  19 naga magi
  2 eyes of devastation (Slime:5)
  3 gargoyles
  A guardian serpent (Snake:2)
  6 torpor snails (Lair:5)
  A smoke demon (Depths:2)
  3 storm dragon simulacra (IceCv)
  A white draconian zombie (Crypt:3)
  9 cane toads
  2 unseen horrors
  23 vault sentinels
  2 black draconian zombies
  13 water nymphs
  A steelbarb worm zombie (Crypt:1)
  A naga skeleton (Crypt:3)
  2 centaur skeletons (Crypt:3)
  A yellow draconian zombie (Crypt:1)
  A kobold demonologist (D:10)
  4 swamp worm zombies (Crypt:3)
  A pale draconian skeleton (Crypt:2)
  A redback zombie (Crypt:1)
  39 yaktaurs
  An unseen horror zombie (Crypt:1)
  8 rime drakes
  An efreet (D:14)
  8 golden dragon simulacra
  12 komodo dragons
  An alligator snapping turtle skeleton (Crypt:3)
  A white draconian skeleton (Crypt:2)
  A merfolk (shapeshifter) (Vaults:5)
  7 trolls
  A red draconian skeleton (Crypt:3)
  3 tyrant leeches (Lair:5)
  52 guardian mummies
  3 polar bears
  25 merfolk
  9 hornets
  4 blink frogs (Lair:3)
  11 wind drakes
  7 saltlings
  2 spriggan zombies
  A snapping turtle (shapeshifter) (Depths:3)
  A glass eye (Slime:2)
  10 snapping turtles
  A draconian simulacrum (Crypt:1)
  A centaur simulacrum (D:15)
  77 slime creatures
  7 air elementals
  7 wraiths
  29 ushabtiu
  2 vampires (D:12)
  27 water elementals
  Eustachio (D:5)
  5 fire elementals
  Grum (D:8)
  51 yaks
  8 basilisks
  8 wyverns
  6 golden eyes (Depths:2)
  2 redbacks (shapeshifter)
  4 steam dragons
  31 vampire mosquitoes
  5 wargs
  Edmund (D:4)
  A harpy simulacrum (Tomb:3)
  A naga zombie (Tomb:3)
  42 nagas
  An acid dragon (Lair:5)
  23 water moccasins
  2 swamp drakes
  45 orc warriors
  2 ice beasts
  2 black bears
  6 ice dragon simulacra (IceCv)
  An ogre (shapeshifter) (D:14)
  6 laughing skulls
  10 centaurs
  An elephant zombie (Crypt:3)
  8 ogres
  12 wolves
  A phantom (D:6)
  2 necrophages (Crypt:3)
  4 kobold brigands
  18 bullfrogs
  An elf skeleton (Crypt:3)
  3 gnoll sergeants (Bailey)
  7 scorpions
  A draconian skeleton (Crypt:1)
  A raiju zombie (Crypt:1)
  8 wights
  A water moccasin skeleton (Crypt:1)
  A shapeshifter zombie (Crypt:3)
  5 lindwurm simulacra (IceCv)
  2 queen bee zombies
  5 killer bees
  9 howler monkeys
  A wolf zombie (Crypt:1)
  A lava snake (D:12)
  A bombardier beetle (D:6)
  9 hounds
  16 orc priests
  Crazy Yiuf (D:7)
  8 jellies
  6 iguanas
  A sleepcap (D:3)
  A basilisk skeleton (Crypt:2)
  3 gnoll boudas (Bailey)
  22 orc wizards
  4 hound zombies
  2 hound skeletons (D:4)
  59 mummies
  6 gnolls (Bailey)
  13 adders
  A steam dragon skeleton (Crypt:1)
  2 ufetubi
  2 adder zombies
  2 adder skeletons (D:4)
  An iguana skeleton (Crypt:3)
  3 worms
  4 dart slugs
  81 orcs
  3 ball pythons (D:1)
  13 endoplasms
  3 giant cockroaches
  15 goblins
  13 hobgoblins
  8 jackals
  5 quokkas
  5 bats
  A bombardier beetle zombie (Crypt:2)
  6 frilled lizards
  10 kobolds
  11 rats
  3 tentacles (Shoals:1)
2627 creatures vanquished.

Vanquished Creatures (collateral kills)
  A deep elf blademaster (Elf:3)
1 creature vanquished.

Vanquished Creatures (others)
  A deep elf master archer (Elf:3)
  An ettin (Vaults:5)
  2 tentacles (Shoals:1)
4 creatures vanquished.

Grand Total: 2632 creatures vanquished

Notes
Turn   | Place    | Note
-------+----------+-------------------------------------------
     0 | D:1      | Wizard1ke the Draconian Alchemist began the quest for the
                  | Orb.
     0 | D:1      | Reached XP level 1. HP: 14/14 MP: 3/3
   291 | D:1      | Reached XP level 2. HP: 4/20 MP: 0/5
   360 | D:1      | Learned a level 2 spell: Mercury Vapours
   983 | D:1      | Reached XP level 3. HP: 26/26 MP: 4/6
   987 | D:1      | Learned a level 3 spell: Mephitic Cloud
  1246 | D:2      | Found Muikequo's Antique Armour Shoppe.
  1958 | D:2      | Reached XP level 4. HP: 33/33 MP: 5/8
  3387 | D:3      | Reached XP level 5. HP: 38/38 MP: 6/9
  4485 | D:4      | Learned a level 3 spell: Stone Arrow
  4912 | D:4      | Found a sand-covered staircase.
  4942 | Ossuary  | Entered an ossuary
  4959 | D:4      | Reached XP level 6. HP: 42/45 MP: 1/11
  5294 | D:4      | Reached skill level 1 in Earth Magic
  5361 | D:4      | Found a stormy altar of Qazlal.
  5361 | D:4      | Found a basalt altar of Yredelemnul.
  5425 | D:4      | Noticed Edmund
  5809 | D:4      | Your scales start taking on a lurid green colour.
  5809 | D:4      | Reached skill level 5 in Alchemy
  5809 | D:4      | Reached XP level 7. HP: 50/50 MP: 0/13
  5809 | D:4      | Gained mutation: Your system is resistant to poisons.
                  | (rPois) [Green Draconian growth]
  6935 | D:4      | Reached skill level 5 in Spellcasting
  6963 | D:4      | Reached skill level 5 in Conjurations
  7164 | D:5      | Entered Level 5 of the Dungeon
  7164 | D:5      | Noticed Eustachio
  7227 | D:4      | Killed Edmund
  7419 | D:5      | Killed Eustachio
  7420 | D:5      | Reached XP level 8. HP: 57/57 MP: 6/17
  7570 | D:5      | Learned a level 4 spell: Olgreb's Toxic Radiance
  7576 | D:5      | Learned a level 5 spell: Irradiate
  8620 | D:6      | Found a runed translucent door.
  8621 | D:6      | Noticed PhillyD's ghost (novice HOHu)
  9042 | D:6      | Reached XP level 9. HP: 62/62 MP: 12/19
  9120 | D:6      | Found a staircase to the Ecumenical Temple.
  9125 | Temple   | Entered the Ecumenical Temple
  9132 | Temple   | Became a worshipper of Vehumet
  9346 | D:6      | Reached skill level 5 in Earth Magic
 10078 | D:7      | Found a hazy altar of Hepliaklqana.
 10088 | D:7      | Found a flagged portal.
 10099 | D:7      | Reached * piety under Vehumet
 10099 | D:7      | Offered knowledge of Freeze by Vehumet.
 10368 | Bailey   | Entered a bailey
 11062 | D:7      | Reached XP level 10. HP: 69/69 MP: 8/20
 11118 | D:7      | Noticed Pikel
 11126 | D:7      | Killed Pikel
 11127 | D:7      | Reached skill level 10 in Alchemy
 11185 | D:7      | Offered knowledge of Scorch by Vehumet.
 11311 | D:7      | Found a broken altar of Ashenzari.
 11402 | D:7      | Found an iron altar of Okawaru.
 11607 | D:7      | Found a runed translucent door.
 11608 | D:7      | Noticed Crazy Yiuf
 11785 | D:8      | Reached ** piety under Vehumet
 12038 | D:8      | Reached skill level 10 in Conjurations
 12176 | D:8      | Noticed Grum
 12185 | D:8      | Killed Grum
 12625 | D:8      | Found a shadowy altar of Dithmenos.
 12627 | D:8      | Found a glowing golden altar of the Shining One.
 12630 | D:8      | Found an ancient bone altar of Kikubaaqudgha.
 12630 | D:8      | Found a hide-covered altar of Uskayaw.
 12636 | D:8      | Found a sacrificial altar of Ru.
 13111 | D:8      | Found a staircase to the Lair.
 13606 | D:9      | Noticed a catoblepas
 13739 | D:9      | Noticed Harold
 13754 | D:9      | Killed Harold
 13852 | D:9      | Noticed Erolcha
 13859 | D:9      | Reached XP level 11. HP: 64/74 MP: 16/22
 13864 | D:9      | Killed Erolcha
 14018 | D:9      | Killed a catoblepas
 14223 | D:9      | Found a bloodstained altar of Trog.
 14227 | D:9      | Found a shimmering blue altar of Sif Muna.
 14359 | D:10     | Entered Level 10 of the Dungeon
 14717 | D:10     | Offered knowledge of Inner Flame by Vehumet.
 14939 | D:10     | Found a transporter.
 15168 | D:10     | Reached skill level 1 in Fighting
 15178 | D:10     | Reached skill level 1 in Evocations
 15459 | D:10     | Found a transporter.
 15529 | D:10     | Found a transporter.
 15563 | D:10     | Found a transporter.
 15652 | D:10     | Found a burning altar of Makhleb.
 15652 | D:10     | Found an opulent altar of Gozag.
 15773 | Lair:1   | Entered Level 1 of the Lair of Beasts
 15918 | Lair:1   | Reached *** piety under Vehumet
 15968 | Lair:1   | Noticed a boulder beetle
 15979 | Lair:1   | Killed a boulder beetle
 16396 | Lair:1   | Reached skill level 5 in Fighting
 16494 | Lair:1   | Offered knowledge of Ignite Poison by Vehumet.
 16500 | Lair:1   | Learned a level 4 spell: Ignite Poison
 16541 | Lair:1   | Reached skill level 1 in Fire Magic
 16541 | Lair:1   | Reached skill level 5 in Evocations
 17127 | Lair:2   | Reached XP level 12. HP: 94/94 MP: 17/24
 17357 | Lair:2   | Reached **** piety under Vehumet
 17361 | Lair:2   | Offered knowledge of Volatile Blastmotes by Vehumet.
 17414 | Lair:2   | Noticed an eight-headed hydra
 17419 | Lair:2   | Killed an eight-headed hydra
 18446 | Lair:3   | Found a staircase to the Shoals.
 18776 | Lair:3   | Found a staircase to the Snake Pit.
 18998 | Lair:3   | Reached skill level 15 in Conjurations
 19010 | Lair:3   | Learned a level 7 spell: Orb of Destruction
 19649 | Lair:4   | Reached XP level 13. HP: 58/105 MP: 22/25
 20544 | Lair:4   | Reached ***** piety under Vehumet
 20736 | Lair:4   | Found a staircase to the Slime Pits.
 20838 | Lair:4   | Offered knowledge of Fireball by Vehumet.
 21265 | Lair:5   | Entered Level 5 of the Lair of Beasts
 21274 | Lair:5   | Reached skill level 10 in Fighting
 22832 | Lair:5   | Noticed Josephine
 22841 | Lair:5   | Killed Josephine
 23199 | Lair:5   | Gained mutation: Your tail ends in a venomous barb. [Green
                  | Draconian growth]
 23199 | Lair:5   | Reached XP level 14. HP: 121/121 MP: 21/26
 24362 | D:7      | Killed Crazy Yiuf
 24581 | D:11     | Found a staircase to the Orcish Mines.
 24591 | Orc:1    | Entered Level 1 of the Orcish Mines
 24772 | Orc:1    | Offered knowledge of Starburst by Vehumet.
 24983 | Orc:1    | You fall into a shaft and drop 1 floor!
 24983 | Orc:2    | Entered Level 2 of the Orcish Mines
 25105 | Orc:2    | Found Samaujae's Magic Scroll Shop.
 25107 | Orc:2    | Found Pauguack's Armour Shoppe.
 25109 | Orc:2    | Found Rihuwug's Weapon Boutique.
 25878 | Orc:2    | Found a staircase to the Elven Halls.
 26390 | Orc:1    | Offered knowledge of Conjure Ball Lightning by Vehumet.
 26745 | Orc:1    | Noticed an orc warlord
 26753 | Orc:1    | Killed an orc warlord
 28067 | D:11     | Identified the ring "Bolej" {rF+ Dex+6 Slay+2}
 29812 | D:12     | Reached XP level 15. HP: 126/126 MP: 23/27
 31208 | D:13     | Found a runed translucent gate.
 31208 | D:13     | Found a runed translucent gate.
 31210 | D:13     | Found a runed translucent gate.
 31210 | D:13     | Found the -2 hat of the Alchemist {rElec rPois rF+ rC+ rN+
                  | Will+ rMut rCorr}
 31210 | D:13     | Noticed Heyr's ghost (journeyman TrSh)
 31576 | D:13     | Found a gate to the Vaults.
 31844 | D:13     | Killed Heyr's ghost
 31926 | D:13     | Identified the +8 war axe "Yveqih" {venom, rF+ Will+ Int+2}
 32015 | D:14     | Offered knowledge of Bombard by Vehumet.
 32025 | D:14     | Learned a level 6 spell: Bombard
 33194 | D:15     | Entered Level 15 of the Dungeon
 33271 | D:15     | Found a staircase to the Depths.
 33409 | D:15     | Noticed Agnes
 33415 | D:15     | Killed Agnes
 34257 | D:15     | Found an opulent altar of Gozag.
 35425 | Snake:1  | Entered Level 1 of the Snake Pit
 36138 | Snake:1  | Reached skill level 10 in Spellcasting
 36374 | Snake:1  | Reached XP level 16. HP: 139/139 MP: 20/30
 36944 | Snake:1  | Learned a level 2 spell: Blink
 39782 | Snake:2  | Found a sparkling altar of Nemelex Xobeh.
 39814 | Snake:2  | Offered knowledge of Ozocubu's Refrigeration by Vehumet.
 40359 | Snake:3  | Noticed Roxanne
 40511 | Snake:3  | Killed Roxanne
 40512 | Snake:3  | Reached skill level 10 in Evocations
 41084 | Snake:3  | Identified the +0 robe of Death's Door {rN++ Str+2 Slay+3}
 42034 | Snake:4  | Entered Level 4 of the Snake Pit
 42075 | Snake:4  | Reached skill level 10 in Earth Magic
 42422 | Snake:4  | Reached skill level 1 in Translocations
 42470 | Snake:4  | Found an iron altar of Okawaru.
 43229 | Snake:4  | Reached XP level 17. HP: 146/146 MP: 19/33
 43585 | Snake:4  | Reached skill level 5 in Translocations
 43642 | Snake:4  | Learned a level 7 spell: Spellforged Servitor
 43772 | Snake:4  | Reached ****** piety under Vehumet
 43962 | Snake:4  | Offered knowledge of Eringya's Noxious Bog by Vehumet.
 44228 | Snake:4  | Got a serpentine rune of Zot
 44539 | Shoals:1 | Entered Level 1 of the Shoals
 44541 | Shoals:1 | Found a transporter.
 44627 | Shoals:1 | Found Muiskuto's Book Shoppe.
 44646 | Shoals:1 | Found a transporter.
 44696 | Shoals:1 | Found Yraseuxt's Jewellery Boutique.
 44754 | Shoals:1 | Bought a manual of Fighting for 800 gold pieces
 44810 | Shoals:1 | Bought an amulet of magic regeneration for 450 gold pieces
 45237 | Shoals:1 | Found a runed translucent gate.
 45317 | Shoals:1 | Noticed a kraken
 45322 | Shoals:1 | Killed a kraken
 45559 | Shoals:1 | Found a runed translucent gate.
 45559 | Shoals:1 | Found a runed translucent gate.
 45562 | Shoals:1 | Noticed Dabir's ghost (adept DECj)
 46031 | Shoals:2 | Learned a level 6 spell: Eringya's Noxious Bog
 47051 | Shoals:2 | Offered knowledge of Plasma Beam by Vehumet.
 47547 | Shoals:3 | Noticed Ilsuiw
 47551 | Shoals:3 | Killed Ilsuiw
 48121 | Shoals:4 | Entered Level 4 of the Shoals
 48121 | Shoals:4 | Found a blossoming altar of Fedhas.
 48244 | Shoals:4 | Reached skill level 15 in Spellcasting
 48422 | Shoals:4 | Paralysed by an air elemental for 1 turns
 48426 | Shoals:4 | Paralysed by an air elemental for 1 turns
 48799 | Shoals:4 | Reached XP level 18. HP: 159/160 MP: 18/37
 48928 | Shoals:4 | Offered knowledge of Shatter by Vehumet.
 48928 | Shoals:4 | Offered knowledge of Chain Lightning by Vehumet.
 48928 | Shoals:4 | Offered knowledge of Polar Vortex by Vehumet.
 49069 | Shoals:4 | Paralysed by an air elemental for 1 turns
 49105 | Shoals:4 | Reached skill level 1 in Shields
 49260 | Shoals:4 | Reached skill level 15 in Fighting
 49959 | Shoals:4 | Identified the +10 sling of Infection {freeze, Str+4
                  | Stlth+}
 50345 | Shoals:4 | Paralysed by an air elemental for 1 turns
 51040 | Shoals:4 | Got a barnacled rune of Zot
 51435 | Vaults:1 | Entered Level 1 of the Vaults
 51493 | Vaults:1 | Reached skill level 5 in Shields
 52184 | Vaults:1 | Identified the +10 morningstar of the Scavenger {speed, rF-
                  | Int+4 Dex+5}
 52235 | Vaults:1 | Found Usheisu's Assorted Antiques.
 52243 | Vaults:1 | Bought a pair of embroidered boots for 277 gold pieces
 52243 | Vaults:1 | Bought a pair of embroidered gloves for 277 gold pieces
 52247 | Vaults:1 | Bought a scroll of enchant armour for 277 gold pieces
 52247 | Vaults:1 | Bought a potion of heal wounds for 185 gold pieces
 53740 | Vaults:1 | Reached XP level 19. HP: 172/180 MP: 35/38
 53868 | Vaults:1 | Noticed Norris
 54020 | Vaults:1 | Killed Norris
 54505 | Vaults:1 | Noticed Boris
 54523 | Vaults:1 | Killed Boris
 55271 | Vaults:2 | Reached skill level 10 in Shields
 55278 | Vaults:2 | Noticed Saint Roka
 55287 | Vaults:2 | Killed Saint Roka
 55513 | Vaults:2 | Found a transporter.
 55519 | Vaults:2 | Found a bloodstained altar of Trog.
 55522 | Vaults:2 | Noticed Giudin's ghost (adept GnFi)
 55529 | Vaults:2 | Found a transporter.
 57866 | Vaults:3 | Reached XP level 20. HP: 190/193 MP: 22/39
 58167 | Vaults:3 | Found Sopyan's Jewellery Shoppe.
 59443 | Vaults:3 | Found a staircase to the Crypt.
 59785 | Vaults:3 | Reached skill level 15 in Shields
 60271 | Vaults:3 | Learned a level 3 spell: Passwall
 60622 | Vaults:4 | Found a crumbling gateway.
 60641 | Desolati | Entered the Desolation of Salt
 62704 | Elf:1    | Entered Level 1 of the Elven Halls
 62721 | Elf:1    | Found a radiant altar of Vehumet.
 62882 | Elf:1    | Found a frozen archway.
 62944 | IceCv    | Entered an ice cave
 63381 | IceCv    | Noticed a golden dragon
 63645 | IceCv    | Killed a golden dragon
 63697 | IceCv    | Identified the ring of Vaplais {rN+ rCorr Str+8 Stlth-}
 63701 | IceCv    | Identified the amulet of Akhlu {Faith Will+ rCorr}
 63979 | Elf:1    | Paralysed by an air elemental for 1 turns
 64113 | Elf:1    | Paralysed by an air elemental for 1 turns
 64171 | Elf:1    | Reached XP level 21. HP: 197/201 MP: 35/40
 65277 | Elf:2    | Noticed Nikola
 65648 | Elf:2    | Found Ceded's Armour Boutique.
 65689 | Elf:2    | Killed Nikola
 65920 | Elf:2    | Found a runed translucent gate.
 65920 | Elf:2    | Found a runed translucent gate.
 65920 | Elf:2    | Found a runed translucent gate.
 65932 | Elf:2    | Identified the serpent talisman "Qeich" {rF+ rC+ Int-4
                  | Stlth+}
 65932 | Elf:2    | Noticed Aizul
 66142 | Elf:3    | Entered Level 3 of the Elven Halls
 66216 | Elf:3    | Noticed Asterion
 66225 | Elf:3    | Killed Asterion
 66573 | Elf:3    | Found a shimmering blue altar of Sif Muna.
 66881 | Elf:3    | Noticed Louise
 66894 | Elf:3    | Killed Louise
 67353 | Elf:3    | Identified the +7 great sword "Gufroaf" {freeze, Will+}
 67353 | Elf:3    | Identified the ring "Ruot" {AC+4 Int+5}
 67804 | Elf:3    | Identified the +7 flail of the Evil Eye {freeze, rC+}
 67910 | Elf:3    | Identified the +0 falchion "Punguenweula" {venom, Int+3}
 68001 | Elf:3    | Identified the +5 scale mail of Uxusuz {MP+9 Str+2}
 68031 | Elf:3    | Found the +6 lightning scales {swift, rElec}
 68101 | Elf:3    | Got Voros's Papyrus of Attacks and the Entourage
 68445 | Depths:1 | Entered Level 1 of the Depths
 68445 | Depths:1 | Found a gateway to Hell.
 68445 | Depths:1 | Found a one-way gate to the infinite horrors of the Abyss.
 68449 | Depths:1 | Reached skill level 1 in Air Magic
 69072 | Orc:2    | Bought a scroll of teleportation for 51 gold pieces
 69072 | Orc:2    | Bought a scroll of fear for 68 gold pieces
 69072 | Orc:2    | Bought a scroll of immolation for 68 gold pieces
 69072 | Orc:2    | Bought a scroll of blinking for 127 gold pieces
 69072 | Orc:2    | Bought a scroll of summoning for 161 gold pieces
 69433 | Depths:1 | Found Olotutyra's Gadget Gallery.
 69455 | Depths:1 | Found a one-way gate leading to the halls of Pandemonium.
 69463 | Depths:1 | Identified the +7 arbalest "Yqerph" {penet, rC+ rCorr}
 69741 | Depths:1 | Reached XP level 22. HP: 209/209 MP: 14/41
 69968 | Depths:2 | Found a portal to a secret trove of treasure.
 70095 | Depths:2 | You paid a toll of 6 scrolls of fog to enter a treasure
                  | trove
 70096 | Trove    | Entered a treasure trove
 70108 | Trove    | Got the Parchment of the Congealing Plateau
 70133 | Trove    | Identified the ring "Tahogah" {rPois EV+5 Str+3}
 70137 | Trove    | Identified the ring "Dumi" {*Slow Fly rElec rPois Dex+6}
 70214 | Depths:2 | Found a one-way gateway to a ziggurat.
 70295 | Depths:2 | Reached skill level 5 in Air Magic
 71451 | Depths:2 | Found a stormy altar of Qazlal.
 71825 | Depths:3 | Noticed a golden dragon
 71836 | Depths:3 | Killed a golden dragon
 71968 | Depths:3 | Noticed a caustic shrike
 71971 | Depths:3 | Killed a caustic shrike
 72356 | Depths:3 | Identified a scroll of acquirement
 72409 | Depths:3 | Learned a level 9 spell: Chain Lightning
 72498 | Depths:3 | Noticed a caustic shrike
 72500 | Depths:3 | Noticed a golden dragon
 72501 | Depths:3 | Noticed a caustic shrike
 72503 | Depths:3 | Killed a caustic shrike
 72512 | Depths:3 | Killed a golden dragon
 72551 | Depths:3 | Killed a caustic shrike
 72560 | Depths:3 | Noticed Boris
 72565 | Depths:3 | Killed Boris
 72566 | Depths:3 | Reached skill level 10 in Air Magic
 72813 | Depths:3 | Noticed Jory
 72824 | Depths:3 | Killed Jory
 73785 | Depths:3 | Got the Notes on Tectonic Distance
 73884 | Depths:4 | Entered Level 4 of the Depths
 73906 | Depths:4 | Reached XP level 23. HP: 206/215 MP: 37/43
 74201 | Depths:4 | Noticed a caustic shrike
 74203 | Depths:4 | Killed a caustic shrike
 74203 | Depths:4 | Noticed a caustic shrike
 74206 | Depths:4 | Killed a caustic shrike
 74593 | Depths:4 | Noticed a caustic shrike
 74596 | Depths:4 | Killed a caustic shrike
 74910 | Depths:4 | Noticed Margery
 75085 | Depths:4 | Killed Margery
 75818 | Depths:4 | Found a gate to the Realm of Zot.
 76458 | Slime:1  | Entered Level 1 of the Pits of Slime
 76524 | Slime:1  | Reached skill level 15 in Air Magic
 76638 | Slime:1  | You are sucked into a shaft and drop 1 floor!
 77680 | Slime:5  | Entered Level 5 of the Pits of Slime
 77837 | Slime:5  | Noticed the Royal Jelly
 77841 | Slime:5  | Killed the Royal Jelly
 78122 | Slime:5  | Identified the ring "Gicovats" {^Drain rN+ Int+5 Dex+3 SInv
                  | Stlth+}
 78128 | Slime:5  | Identified the ring "Vucyestyff" {Str-5 Int+6 Dex+6}
 78143 | Slime:5  | Got the Elucidation of the Telluric Sky
 78163 | Slime:5  | Identified the +3 morningstar of Narrow Defence {antimagic,
                  | rF+ Will+ Int+2 Stlth+}
 78164 | Slime:5  | Identified the +3 short sword of Regicide {freeze, Will-
                  | Str+3}
 78166 | Slime:5  | Got a slimy rune of Zot
 78205 | Slime:5  | Identified the +1 leather armour "Iphusmez" {Harm Regen+}
 78212 | Slime:5  | Identified the +7 broad axe of Ema Oguz {speed, *Rage rN+
                  | Dex+4}
 78802 | Zot:1    | Entered Level 1 of the Realm of Zot
 80154 | Zot:1    | Found a shimmering blue altar of Sif Muna.
 80760 | Zot:2    | Reached XP level 24. HP: 202/224 MP: 10/43
 81408 | Zot:2    | Found a shimmering blue altar of Sif Muna.
 81522 | Zot:2    | Found a sparkling altar of Nemelex Xobeh.
 83969 | Zot:4    | Identified the +2 halberd "Ulanic" {drain, rF+ Str+4 Int+3}
 84685 | Zot:5    | Entered Level 5 of the Realm of Zot
 85233 | Zot:5    | Reached skill level 15 in Alchemy
 86120 | Vaults:5 | Entered Level 5 of the Vaults
 86547 | Vaults:5 | Noticed Boris
 86953 | Vaults:5 | Killed Boris
 87276 | Vaults:5 | Identified the +4 scimitar of the Middle {protect, rN+}
 87294 | Vaults:5 | Identified the ring of Monotheism {Ice rElec rPois rN+
                  | Str+2}
 87295 | Vaults:5 | Reached XP level 25. HP: 88/231 MP: 11/43
 87849 | Vaults:5 | Noticed a dread lich
 87854 | Vaults:5 | Killed a dread lich
 88009 | Vaults:5 | Identified the +0 pair of boots of Elon {Regen+ Int+3}
 88039 | Vaults:5 | Identified the +7 short sword of Goemec {drain, rC+}
 88639 | Vaults:5 | Found Uptoucso's Antique Armour Shoppe.
 88643 | Vaults:5 | Found Zeplargh's Antique Armour Shop.
 88658 | Vaults:5 | Found Teunn's Antique Weapon Emporium.
 88767 | Vaults:5 | Found Mimmof's Distillery.
 88772 | Vaults:5 | Bought a potion of mutation for 176 gold pieces
 88772 | Vaults:5 | Bought a potion of ambrosia for 176 gold pieces
 88772 | Vaults:5 | Bought a potion of enlightenment for 110 gold pieces
 88894 | Vaults:5 | Found Ockuimomi's Distillery.
 88899 | Vaults:5 | Bought a potion of enlightenment for 90 gold pieces
 88899 | Vaults:5 | Bought a potion of heal wounds for 90 gold pieces
 88899 | Vaults:5 | Bought 2 potions of heal wounds for 180 gold pieces
 88899 | Vaults:5 | Bought 2 potions of mutation for 288 gold pieces
 88916 | Vaults:5 | Got a silver rune of Zot
 89166 | Vaults:5 | Found Cezou's General Store.
 89172 | Vaults:5 | Bought a scroll of revelation for 150 gold pieces
 89172 | Vaults:5 | Bought a scroll of teleportation for 60 gold pieces
 89381 | Crypt:1  | Entered Level 1 of the Crypt
 91227 | Crypt:2  | Acquired 542 gold pieces
 91228 | Crypt:2  | Acquired the +1 pair of gloves of Death's Door {Str+3}
 91235 | Crypt:2  | Acquired 430 gold pieces
 92003 | Crypt:3  | Entered Level 3 of the Crypt
 92826 | Crypt:3  | Found a staircase to the Tomb.
 92904 | Crypt:3  | Found the ring of Shadows {Umbra +Inv Stlth+}
 93053 | Crypt:3  | Noticed a dread lich
 93054 | Crypt:3  | Noticed an ancient lich
 93401 | Crypt:3  | Killed a dread lich
 93402 | Crypt:3  | Killed an ancient lich
 93479 | Crypt:3  | Identified the amulet "Qoqet" {RegenMP Int+4}
 93975 | Zot:5    | Noticed an ancient lich
 93978 | Zot:5    | Reached XP level 26. HP: 234/239 MP: 15/43
 94050 | Zot:5    | Killed an ancient lich
 94096 | Zot:5    | Noticed an orb of fire
 94101 | Zot:5    | Killed an orb of fire
 94233 | Zot:5    | Noticed an ancient lich
 94236 | Zot:5    | Killed an ancient lich
 94635 | Zot:5    | Noticed an ancient lich
 94638 | Zot:5    | Killed an ancient lich
 94910 | Zot:5    | Noticed an orb of fire
 94916 | Zot:5    | Killed an orb of fire
 95001 | Zot:5    | Noticed an ancient lich
 95018 | Zot:5    | Killed an ancient lich
 95829 | Tomb:1   | Entered Level 1 of the Tomb of the Ancients
 96642 | Tomb:1   | Identified the +8 rapier "Vijaudd" {flame, Str+2}
 96744 | Tomb:1   | Reached skill level 27 in Alchemy
 97055 | Tomb:1   | Noticed a royal mummy
 97061 | Tomb:1   | Killed a royal mummy
 97588 | Tomb:2   | Noticed a royal mummy
 97591 | Tomb:2   | Killed a royal mummy
 97600 | Tomb:2   | Noticed a royal mummy
 97607 | Tomb:2   | Killed a royal mummy
 97608 | Tomb:2   | Noticed a royal mummy
 97611 | Tomb:2   | Noticed a royal mummy
 97616 | Tomb:2   | Killed a royal mummy
 97619 | Tomb:2   | Killed a royal mummy
 98028 | Tomb:2   | Reached XP level 27. HP: 245/246 MP: 24/43
 98097 | Tomb:2   | Identified the +6 arbalest "Geytonon" {drain, Will++}
 98307 | Tomb:2   | Identified the +5 battleaxe "Quuvuysh" {spect, rPois rN+
                  | Stlth+}
 98422 | Tomb:2   | Noticed Mennas
 98425 | Tomb:2   | Killed Mennas
 98650 | Tomb:3   | Entered Level 3 of the Tomb of the Ancients
 98655 | Tomb:3   | Noticed a royal mummy
 98661 | Tomb:3   | Killed a royal mummy
 98663 | Tomb:3   | Noticed a royal mummy
 98664 | Tomb:3   | Noticed a royal mummy
 98668 | Tomb:3   | Killed a royal mummy
 98668 | Tomb:3   | Noticed a royal mummy
 98670 | Tomb:3   | Killed a royal mummy
 98671 | Tomb:3   | Reached skill level 27 in Conjurations
 98673 | Tomb:3   | Killed a royal mummy
 98675 | Tomb:3   | Noticed a royal mummy
 98678 | Tomb:3   | Killed a royal mummy
 98684 | Tomb:3   | Gained mutation: Your spells are a little easier to cast,
                  | but a little less powerful. [mutagenic glow]
 98707 | Tomb:3   | Noticed a royal mummy
 98709 | Tomb:3   | Noticed a royal mummy
 98716 | Tomb:3   | HP: 9/242 [royal mummy/divine providence (13)]
 98871 | Tomb:3   | Killed a royal mummy
 98881 | Tomb:3   | Killed a royal mummy
 99131 | Tomb:3   | Noticed Khufu
 99137 | Tomb:3   | Killed Khufu
 99192 | Tomb:3   | Got a golden rune of Zot
 99414 | Tomb:3   | Found the +10 tower shield of Ignorance {rN+ Int-4}
 99426 | Tomb:3   | Identified the ring of Nanyenyo {rElec rF+ Dex+6}
 99432 | Tomb:3   | Identified the +2 morningstar "Zazxeugu" {distort, rPois
                  | rC- rN+++ Int-2}
 99434 | Tomb:3   | Identified the ring "Ozunt" {rC+ Str+5 Int+2 Dex-2 Slay+2}
 99531 | Tomb:3   | Noticed a royal mummy
 99542 | Tomb:3   | Killed a royal mummy
100344 | Zot:5    | Got the Orb of Zot
100444 | Zot:3    | Noticed Zapniyxo the pandemonium lord
100846 | D:$      | Escaped with the Orb!

Illustrated notes

Levels and vault maps discovered:
D:1:      minmay_arrival_checkered_box, layout_basic, minivault_24
D:2:      cheibrodos_greedy_goblins, layout_rooms, serial_shops, shop,
          minmay_misc_feat_nine_boxes, grunt_ministairs_10
D:3:      layout_loops_ring, minmay_misc_feat_square, minmay_divided_ellipse
D:4:      layout_gridville, gammafunk_temple_overflow_wave,
          mainiacjoe_ossuary_entry_find_the_door, grunt_ministairs_4,
          uniq_edmund
D:5:      layout_cave_pools, kennysheep_flooded_box, uniq_eustachio
D:6:      minmay_polygon_palace, layout_basic, temple_doors_e,
          hellmonk_ghost_happy_afterlife, kennysheep_generic_room_4
D:7:      layout_cave_pools, nicolae_overflow_crystal_walls,
          mainiacjoe_overflow_concentric_impassable, okawaru_ov_weapons_minmay,
          enter_bailey_1, minmay_misc_feat_columns, uniq_crazy_yiuf_cottage,
          uniq_pikel
D:8:      layout_basic, nicolae_overflow_hallway_of_the_gods, erik_lair_dragon,
          serial_library_hellmonk_layered_room, uniq_grum
D:9:      layout_roguey, hellmonk_overflow_destroyed_library, uniq_erolcha,
          uniq_harold
D:10:     layout_irregular_city, gammafunk_temple_overflow_elements,
          nicolae_lava_and_water, nicolae_transporter_intersection
D:11:     layout_roguey, hiddenorc1_lemuel, minmay_fractal_squares_gapless_7
D:12:     layout_irregular_city, kennysheep_generic_room_2
D:13:     layout_long_grid, hellmonk_vaults_attempted_burglary,
          gammafunk_ghost_hydra_chop
D:14:     layout_roguey
D:15:     gammafunk_depths_entry_grave, layout_loops_ring, nicolae_sextant,
          grunt_gozag_statues, uniq_agnes
Temple:   hellmonk_temple_micro_hex
Lair:1:   layout_big_grid, serial_bayou_shore_a
Lair:2:   layout_small_grid, infiniplex_staircase_pool_2, lemuel_fruit_tree
Lair:3:   layout_long_grid, elwin_shoals_entry_rocks,
          minmay_snake_entry_six_corridors
Lair:4:   layout_loops_ring, nicolae_slime_entry_slimehenge,
          chequers_serial_rivers_small_b, serial_bayou_shore_b
Lair:5:   guppyfry_lair_end_dragon, layout_cave_pods, wormcave,
          lemuel_fruit_fields, infiniplex_staircase_pool, uniq_josephine
Shoals:1: gammafunk_sealed_arena, layout_shoals, serial_shops,
          nicolae_shop_peninsula, shop, ebering_ghost_rock_garden
Shoals:2: layout_shoals
Shoals:3: layout_shoals, uniq_ilsuiw
Shoals:4: shoals_end_hellmonk_storm_palace [storm_palace_center_square,
          storm_palace_corner_blocked, storm_palace_corner_altar,
          storm_palace_corner_reverse_hut, storm_palace_corner_narrow],
          serial_shops
Snake:1:  cheibrodos_snake_lava_hold, layout_basic
Snake:2:  layout_misc_corridors, basic_altar, serial_bayou_shore_b
Snake:3:  layout_onion_interference, uniq_roxanne
Snake:4:  minmay_snake_end_coiled, layout_cave_town, basic_altar
Slime:1:  layout_caves
Slime:2:  layout_caves
Slime:3:  layout_caves, nicolae_slime_welcoming_committee
Slime:4:  layout_caves
Slime:5:  slime_pit_nicolae_jellycorners
Orc:1:    layout_caves
Orc:2:    st_orc_rangers, layout_caves
Elf:1:    eino_elf_arrival_altar, layout_rooms, portal_ice_cave_entry_pillars_1,
          nicolae_elf_blasts_and_bolts, st_stairs_8
Elf:2:    elven_hall_of_blades_hangedman_original [nooodl_blade_entry_preview],
          layout_geoelf_diagonals, serial_shops, shop, uniq_aizul, uniq_nikola
Elf:3:    minmay_elf_hall_circle, layout_geoelf_octagon, basic_altar,
          uniq_louise, uniq_asterion
Vaults:1: minmay_orc_keep, hangedman_surveillance_ring, nicolae_vaults_mitosis,
          grunt_vaults_bifocal, v_alt_pattern_1, v_misc_30, v_misc_33, v_misc_4,
          nicolae_vaults_house_3, hangedman_vaults_stretched_pinwheel,
          v_misc_26, ontoclasm_vaults_idyll, vaults_room_octagon,
          vaults_dpeg_diagonal, layout_vaults_maze, serial_shops, shop,
          uniq_norris, uniq_boris
Vaults:2: gammafunk_ghost_wrathful_warriors, hangedman_vaults_corner, v_misc_5,
          nicolae_vaults_house_1, nicolae_vaults_octothorpe,
          nicolae_vaults_alarming, nicolae_vaults_prndl, v_pattern_2,
          nicolae_vaults_three_branches, vaults_mumra_chevron,
          nicolae_vaults_little_squares_6, ontoclasm_vaults_misaligned,
          nicolae_vaults_trapezoid_lopsided_1, layout_vaults_big_room,
          uniq_saint_roka
Vaults:3: v_misc_30, nicolae_vaults_stand_back, nicolae_vaults_sealed_display,
          hangedman_vaults_hat, grunt_vaults_twisty, v_alt_pattern_1,
          nicolae_vaults_double_plus_2, vaults_standard_mumra_enter_the_diamond,
          vaults_mumra_minichess, nicolae_vaults_asterisk, serial_ice_g,
          minmay_crypt_entry_simple_box, vaults_dpeg_ring,
          layout_vaults_omnigrid, serial_shops, shop
Vaults:4: portal_desolation_entry_nicolae_slug, v_misc_27,
          nicolae_vaults_closet_pinwheel_3, vaults_dpeg_spiral, v_misc_17,
          hangedman_vaults_maws, nicolae_vaults_tetromino_T_2,
          nicolae_vaults_storage_room_doors, nicolae_vaults_yaktaur_gun_rack,
          nicolae_vaults_ninety_degrees, nicolae_vaults_gold_heap,
          nicolae_vaults_wine_cellar, layout_vaults_omnicross
Vaults:5: serial_shops
Crypt:1:  layout_basic
Crypt:2:  layout_gridlike, grunt_megastairs_4
Crypt:3:  david_glass_crypt, layout_rooms, tomb_entry_sphere_bobbens,
          lemuel_dead_fish_pool
Tomb:1
Tomb:2:   uniq_mennas
Tomb:3
Depths:1: layout_cross, pan_entry, abyss_entry, hell_entry, nicolae_shop_gadgets
Depths:2: nicolae_hitomezashi [nicolae_hito_row, nicolae_hito_row,
          nicolae_hito_row, nicolae_hito_row, nicolae_hito_row,
          nicolae_hito_row, nicolae_hito_row, nicolae_hito_row,
          nicolae_hito_row, nicolae_hito_row, nicolae_hito_row,
          nicolae_hito_row, nicolae_hito_row, nicolae_hito_row,
          nicolae_hito_row, nicolae_hito_row, nicolae_hito_row,
          nicolae_hito_row], layout_long_grid, enter_ziggurat_b,
          serial_library_hellmonk_h_bend, pan_entry, grunt_hell_horde,
          enter_trove_1, minmay_fountain_box, minivault_1,
          grunt_qazlal_sundering
Depths:3: minmay_broken_ring, layout_basic, grunt_pan_entry_in_and_out,
          abyss_entry, pf_coc_iceberg, small_statue_intersection,
          minmay_misc_feat_enclosed, nrook_pool_corridor,
          minmay_hollow_rounded_squares, uniq_jory
Depths:4: grunt_zot_entry_bicorn, layout_basic, grunt_decor_junction,
          grunt_pan_entry_sceptre, grunt_hell_entry_dis_grunt,
          serial_sigils_hangedman_confine, uniq_margery
Zot:1:    layout_basic, regret_index_zotdec_magical_s
Zot:2:    layout_basic, hangedman_feature_mirror
Zot:3:    layout_basic
Zot:4:    layout_cellular_growth
Zot:5:    layout_cathedral_of_symmetry, st_stairs_4

Skill      XL: |  1  2  3  4  5  6  7  8  9 10 11 12 13 14 15 16 17 18 19 20 21 22 23 24 25 26 27 |
---------------+----------------------------------------------------------------------------------+-----
Conjurations   | 2 3 4 5 6 8 10 12 15 17 20 22 24 25 26 27 | 27.0
Spellcasting   | 3 4 6 7 8 10 12 15 16 | 16.0
Alchemy        | 4 5 6 9 11 12 17 23 27 | 27.0
Earth Magic    | 2 3 4 5 7 10 | 10.0
Fighting       | 5 7 10 12 14 18 20 | 20.0
Evocations     | 5 8 10 | 10.0
Fire Magic     | 3 4 |  4.0
Translocations | 3 5 |  5.0
Shields        | 8 13 15 16 19 | 19.6
Air Magic      | 3 11 17 20 | 20.0
Dodging        | |  1.7
Stealth        | |  1.7

Action                     |  1- 3 |  4- 6 |  7- 9 | 10-12 | 13-15 | 16-18 | 19-21 | 22-24 | 25-27 || total
---------------------------+-------+-------+-------+-------+-------+-------+-------+-------+-------++-------
  Melee: Dagger            |     7 |     3 |       |       |       |       |       |       |       ||    10
         War axe           |       |     6 |     4 |     3 |     5 |       |     1 |     1 |     7 ||    27
         Tailslap          |       |     2 |     4 |       |       |       |       |       |     2 ||     8
         Punch             |       |       |     1 |       |       |       |       |       |       ||     1
  Throw: Dart              |       |       |     4 |       |       |       |       |       |       ||     4
         Javelin           |       |       |     3 |       |       |       |       |       |       ||     3
   Cast: Sting             |    87 |   164 |     2 |       |       |       |       |       |       ||   253
         Stone Arrow       |       |    23 |   114 |   106 |    18 |       |       |       |       ||   261
         Mephitic Cloud    |       |     2 |     1 |     1 |       |       |       |       |       ||     4
         Olgreb's Toxic Ra |       |       |    31 |    90 |   171 |    22 |    12 |     2 |       ||   328
         Irradiate         |       |       |       |    30 |    43 |    62 |    69 |    33 |     4 ||   241
         Ignite Poison     |       |       |       |    26 |   162 |    48 |   131 |    48 |       ||   415
         Orb of Destructio |       |       |       |     2 |   189 |   511 |   341 |   124 |       ||  1167
         Bombard           |       |       |       |       |     3 |    48 |   164 |    31 |       ||   246
         Blink             |       |       |       |       |       |     2 |       |       |       ||     2
         Eringya's Noxious |       |       |       |       |       |    18 |    76 |    21 |       ||   115
         Passwall          |       |       |       |       |       |       |     2 |       |       ||     2
         Spellforged Servi |       |       |       |       |       |       |     4 |       |       ||     4
         Chain Lightning   |       |       |       |       |       |       |       |   429 |   584 ||  1013
Ability: Breathe Noxious F |       |       |    18 |    17 |     2 |       |       |       |       ||    37
  Evoke: Wand              |       |       |     7 |       |       |       |     4 |     8 |     4 ||    23
         Phial of floods   |       |       |       |       |       |       |     1 |       |     1 ||     2
         Condenser vane    |       |       |       |       |       |       |       |     1 |       ||     1
    Use: Scroll            |       |     1 |     4 |    10 |     9 |    18 |     7 |     7 |    20 ||    76
         Potion            |       |     1 |     1 |       |     2 |     6 |       |     8 |    42 ||    60
 Armour: Skin              |     9 |    57 |    23 |    79 |   163 |   260 |   352 |   445 |   468 ||  1856
  Dodge: Dodged            |    19 |    52 |    30 |    47 |   104 |    83 |   107 |    76 |    42 ||   560
  Block: Kite shield       |       |       |       |       |       |    14 |   218 |    69 |   133 ||   434
         Buckler           |       |       |       |       |       |       |       |    14 |       ||    14

Table legend: (Time is in decaauts)
 A = Elapsed time spent in this place.
 B = Non-inter-level travel time spent in this place.
 C = Inter-level travel time spent in this place.
 D = Time resting spent in this place.
 E = Time spent auto-exploring this place.
 F = Levels seen in this place.
 G = Mean time per level.
                   A        B        C        D        E       F      G
               +--------+--------+--------+--------+--------+-----+--------+
         Total | 101314 |  92997 |   8317 |  27978 |  45786 |  64 | 1583.0 |
       Dungeon |  25617 |  22273 |   3344 |   8538 |   9690 |  15 | 1707.8 |
        Temple |     14 |     14 |      0 |      0 |      0 |   1 |   14.0 |
          Lair |  10205 |   9313 |    892 |   2384 |   5384 |   5 | 2041.0 |
        Shoals |   6682 |   6444 |    238 |   2202 |   2813 |   4 | 1670.5 |
     Snake Pit |   8893 |   8620 |    273 |   1898 |   5248 |   4 | 2223.2 |
    Slime Pits |   1930 |   1793 |    137 |    747 |    660 |   5 |  386.0 |
  Orcish Mines |   2486 |   2214 |    272 |    847 |    939 |   2 | 1243.0 |
   Elven Halls |   4513 |   4331 |    182 |   1098 |   2086 |   3 | 1504.3 |
        Vaults |  14664 |  13712 |    952 |   4046 |   6342 |   5 | 2932.8 |
         Crypt |   4334 |   4019 |    315 |    912 |   2354 |   3 | 1444.7 |
          Tomb |   3899 |   3753 |    146 |    858 |   1694 |   3 | 1299.7 |
        Depths |   7506 |   6719 |    787 |   1272 |   3951 |   4 | 1876.5 |
           Zot |   9055 |   8280 |    775 |   2706 |   4221 |   5 | 1811.0 |
         Trove |     91 |     91 |      0 |      0 |     16 |   1 |   91.0 |
       Ossuary |      2 |      2 |      0 |      0 |      0 |   1 |    2.0 |
        Bailey |    367 |    367 |      0 |    221 |     17 |   1 |  367.0 |
      Ice Cave |   1009 |   1009 |      0 |    249 |    369 |   1 | 1009.0 |
    Desolation |     37 |     37 |      0 |      0 |      0 |   1 |   37.0 |
               +--------+--------+--------+--------+--------+-----+--------+

Top non-repeatable levels by time:
Vaults:3: 3675 daAuts
Vaults:1: 3382 daAuts
  Lair:5: 3217 daAuts
Vaults:4: 2876 daAuts
 Snake:1: 2759 daAuts
Shoals:4: 2649 daAuts
     D:4: 2568 daAuts
Depths:3: 2561 daAuts
     D:8: 2461 daAuts
Vaults:2: 2426 daAuts
 Snake:4: 2396 daAuts
   Zot:1: 2340 daAuts
Vaults:5: 2303 daAuts
  Lair:4: 2171 daAuts
    D:15: 2160 daAuts
